 Dungeon Sprint DCSS version 0.21.0-24-g2553a33 (webtiles) character file.

116 letownia2 the Ruffian (level 4, -3/39 HPs)
             Began as a Troll Wizard on Jan 20, 2018.
             Slain by a demonic crawler (7 damage)
             ... summoned by a deep elf mage
             ... in the Dungeon (Sprint III: "The Ten Rune Challenge").
             The game lasted 00:01:52 (250 turns).

letownia2 the Ruffian (Troll Wizard)                 Turns: 250, Time: 00:01:52

Health: -3/39      AC:  5    Str: 17    XL:     4   Next: 69%
Magic:  2/7        EV:  9    Int: 15    God:
Gold:   35         SH:  0    Dex:  8    Spells: 1/8 levels left

rFire    . . .     SeeInvis .     - Unarmed
rCold    . . .     Gourm    +   (no shield)
rNeg     . . .     Faith    .   a - +0 robe
rPois    .         Spirit   .   b - +0 hat
rElec    .         Reflect  .   (no cloak)
rCorr    .         Harm     .   (gloves unavailable)
MR       .....     NoTele   +   (boots unavailable)
Stlth    +.........             (no amulet)
HPRegen  0.53/turn              (no ring)
MPRegen  0.10/turn              (no ring)

@: confused, very slightly contaminated
A: large, unfitting armour, claws 3, hooves 1, fast metabolism 3, gourmand,
regeneration 1, shaggy fur 1, strong 1, tough skin 2, no potion heal 1
a: no special abilities


You were in the Dungeon.
You were not hungry.

You visited 1 branch You collected 35 gold pieces.

Inventory:

Armour
 a - a +0 robe (worn)
 b - a +0 hat (worn)
Scrolls
 j - a scroll of blinking
 l - 3 scrolls of holy word {unknown}
 m - 6 scrolls of remove curse
 o - a scroll of identify {unknown}
Potions
 e - 2 potions of curing
 f - a potion of heal wounds
 g - 2 potions of haste
 h - 2 potions of magic
 k - 2 potions of mutation
 n - a potion of invisibility {unknown}
 p - a potion of flight {unknown}
Books
 c - a book of Minor Magic

   Spells                             Type                      Level
   a - Magic Dart                     Conjuration                  1
   b - Blink                          Translocation                2
   c - Call Imp                       Summoning                    2
   d - Slow                           Hexes                        2
   e - Conjure Flame                  Conjuration/Fire             3
   f - Mephitic Cloud                 Conjuration/Poison/Air       3
Comestibles
 d - 4 rations


   Skills:
 - Level 1.5 Dodging
 - Level 1.0 Stealth
 - Level 7.1 Unarmed Combat
 + Level 2.6 Spellcasting
 + Level 2.2 Conjurations
   Level 0.6 Summonings
   Level 0.6 Translocations
 + Level 0.0 Fire Magic
 + Level 1.8 Air Magic
 + Level 1.9 Poison Magic


You had one spell level left.
You knew the following spells:

 Your Spells              Type           Power        Failure   Level  Hunger
a - Magic Dart            Conj           #...         9%          1    #......
c - Conjure Flame         Conj/Fire      #.......     36%         3    ###....
e - Mephitic Cloud        Conj/Pois/Air  #.......     26%         3    ###....


Dungeon Overview and Level Annotations

Branches:
Dungeon (1/1)

Altars:
Elyvilon
Zin
The Shining One


Innate Abilities, Weirdness & Mutations

You are too large for most types of armour.
You have claws for hands.
Your metabolism is lightning-fast.
You like to eat raw meat.
Your natural rate of healing is unusually fast.
You are covered in fur. (AC +1)
You have very tough skin. (AC +2)
You have large cloven feet.
Your muscles are strong. (Str +2)
Potions are less effective at restoring your health.


Message History

Unknown command.
The tarantella barely misses you.
Unknown command.
The tarantella bites you.
You are more confused.
The demonic crawler hits you.
The demonic crawler hits you but does no damage.
The demonic crawler hits you!
* * * LOW HITPOINT WARNING * * *
Unknown command.
The tarantella bites you but does no damage.
There is a fountain of clear blue water here.
Unknown command.
Unknown command.
You barely miss the demonic crawler.
You kick the demonic crawler, but do no damage.
The demonic crawler barely misses you.
The demonic crawler hits you but does no damage.
The demonic crawler hits you!
You die...

▓▓▓▓▓▓▓▓▓ ▓▓▓ ..'...♣.♣
♣.##### ..#.....♣ ♣.#_r_#
###.....♣♣ ♣♣.#..e#
..#....≈.♣ ♣..###r#+###+##
..#...≈≈♣♣♣.♣.#.s........#
.(#..≈≈≈≈..♣♣.'.@s.......#
#'#..≈≈≈≈≈≈♣..#...######+#
..#.≈≈≈≈≈≈....#.⌠.#
..#.≈≈≈≈≈.....#...#
..#.≈≈≈.......#+###
###...........#
..............#
▓▓▓▓▓▓▓▓▓▓▓▓▓▓▓


You could see a demonic crawler, a deep elf mage, a tarantella and a hell rat.

Vanquished Creatures
  A water elemental (D)
  Jessica (D)
  A human (D)
  2 oozes (D)
  A phantom (D)
6 creatures vanquished.

Vanquished Creatures (others)
  2 draconian scorchers (D)
  A yaktaur (D)
  6 hellions (D)
  3 plants (D)
12 creatures vanquished.

Grand Total: 18 creatures vanquished

Notes
Turn   | Place    | Note
-------+----------+-------------------------------------------
     0 | D        | letownia2 the Troll Wizard began the quest for the Orb.
     0 | D        | Reached XP level 1. HP: 16/16 MP: 2/2
     5 | D        | Reached skill level 3 in Unarmed Combat
     8 | D        | Reached skill level 4 in Unarmed Combat
     8 | D        | Reached XP level 2. HP: 23/24 MP: 4/4
    13 | D        | Noticed Jessica
    18 | D        | Killed Jessica
    18 | D        | Reached skill level 6 in Unarmed Combat
    18 | D        | Reached XP level 3. HP: 24/31 MP: 5/5
    27 | D        | Learned a level 3 spell: Mephitic Cloud
    49 | D        | Killed a yaktaur
    58 | D        | Reached skill level 1 in Conjurations
    94 | D        | Reached skill level 1 in Poison Magic
   119 | D        | Killed a hellion
   119 | D        | Killed a hellion
   128 | D        | Killed a hellion
   135 | D        | Killed a white draconian scorcher
   144 | D        | Killed a hellion
   144 | D        | Killed a hellion
   158 | D        | Gained mutation: Your spells are a little harder to cast, but a little more powerful. [potion of mutation]
   158 | D        | Gained mutation: You are resistant to hostile enchantments. (MR+) [potion of mutation]
   159 | D        | Lost mutation: You are resistant to hostile enchantments. (MR+) [potion of mutation]
   159 | D        | Lost mutation: Your spells are a little harder to cast, but a little more powerful. [potion of mutation]
   159 | D        | Gained mutation: You have large cloven feet. [potion of mutation]
   159 | D        | Gained mutation: Potions are less effective at restoring your health. [potion of mutation]
   159 | D        | Gained mutation: Your muscles are strong. (Str +2) [potion of mutation]
   160 | D        | Noticed a water elemental
   164 | D        | Killed a water elemental
   164 | D        | Reached skill level 7 in Unarmed Combat
   164 | D        | Reached skill level 1 in Air Magic
   164 | D        | Reached XP level 4. HP: 32/39 MP: 5/7
   175 | D        | Learned a level 3 spell: Conjure Flame
   175 | D        | Killed a white draconian scorcher
   185 | D        | Killed a hellion
   208 | D        | Found a glowing silver altar of Zin.
   208 | D        | Found a glowing golden altar of the Shining One.
   208 | D        | Found a white marble altar of Elyvilon.
   240 | D        | Noticed a deep elf mage
   242 | D        | Noticed a tarantella
   243 | D        | Noticed a demonic crawler
   250 | D        | Slain by a demonic crawler

Skill      XL: |  1  2  3 |
---------------+----------+-----
Unarmed Combat | 4 6 7 |  7.1
Conjurations   | 2 |  2.2
Poison Magic   | 1 |  1.9
Air Magic      | 1 |  1.8
Dodging        | |  1.5
Stealth        | |  1.0
Spellcasting   | |  2.6
Summonings     | |  0.6
Translocations | |  0.6

Action                   |  1- 3 |  4- 6 || total
-------------------------+-------+-------++-------
Melee: Unarmed           |    18 |     4 ||    22
       Kick              |       |     1 ||     1
 Cast: Mephitic Cloud    |     1 |       ||     1
  Use: Potion            |     3 |       ||     3
 Stab: Confused          |     1 |       ||     1
Armor: Robe              |     3 |     4 ||     7
Dodge: Dodged            |     5 |     3 ||     8
